 Dungeon Crawl Stone Soup version 0.20-a0-1086-g4bd2f5b (webtiles) character file.

5878 malwow the Cleaver (level 10, -18/94 HPs)
             Began as a Minotaur Fighter on May 1, 2017.
             Was a High Priest of Okawaru.
             Demolished by a flayed ghost (20 damage)
             ... on level 8 of the Dungeon.
             The game lasted 00:22:38 (7931 turns).

malwow the Cleaver (Minotaur Fighter)               Turns: 7931, Time: 00:22:40

Health: -18/94     AC: 13    Str: 23    XL:     10   Next: 52%
Magic:  12/13      EV: 10    Int:  6    God:    Okawaru [*****.]
Gold:   491        SH:  0    Dex: 10    Spells: 9/9 levels left

rFire    + . .     SeeInvis .   z - +0 battleaxe (curse)
rCold    . . .     Gourm    .   (shield currently unavailable)
rNeg     . . .     Faith    .   m - +0 chain mail
rPois    +         Spirit   .   (helmet restricted)
rElec    .         Reflect  .   (no cloak)
rCorr    .         Harm     .   (no gloves)
MR       .....                  l - +0 pair of boots
Stlth    ..........             (no amulet)
Regen    0.3/turn               i - ring of poison resistance
MPRegen  0.2/turn               y - ring of protection from fire

@: heroism, flayed
A: retaliatory headbutt, horns 2
a: Heroism, Finesse, Renounce Religion


You were on level 8 of the Dungeon.
You worshipped Okawaru.
Okawaru was extremely pleased with you.
You were not hungry.

You visited 2 branches of the dungeon, and saw 9 of its levels.
You also visited: Ossuary.

You collected 491 gold pieces.

Inventory:

Hand Weapons
 a - a +1 war axe
 z - a cursed +0 battleaxe (weapon)
Armour
 l - a +0 pair of boots (worn)
 m - a +0 chain mail (worn)
Jewellery
 c - an uncursed ring of stealth
 i - a ring of poison resistance (left hand)
 t - an uncursed amulet of the gourmand {unknown}
 y - a ring of protection from fire (right hand)
Wands
 j - a wand of lightning (12/15)
 s - a wand of random effects (33/48)
 v - a wand of lightning (11/15)
 A - a wand of iceblast (5/15)
Scrolls
 b - 4 scrolls of enchant armour
 d - 4 scrolls of remove curse
 p - 2 scrolls of magic mapping
 u - 4 scrolls of teleportation
 x - a scroll of fear
 D - 2 scrolls of amnesia
 E - a scroll of enchant weapon
Potions
 e - 3 potions of flight
 h - a potion of haste
 o - 4 potions of heal wounds
 q - a potion of berserk rage
 r - 8 potions of curing
 w - a potion of resistance
 B - a potion of lignification {unknown}
Comestibles
 f - 3 bread rations
 g - 5 royal jellies
 k - 7 meat rations
 n - 5 fruits


   Skills:
 + Level 10.5(15.5) Fighting
 * Level 13.7(18.7) Axes
 - Level 5.2(10.2) Armour
   Level 3.6(8.6) Shields
 + Level 5.6 Invocations


You had 9 spell levels left.
You didn't know any spells.

Dungeon Overview and Level Annotations

Branches:
Dungeon (8/15)             Temple (1/1) D:5
   Lair: D:8-11

Altars:
Cheibriados
Dithmenos
Elyvilon
Fedhas
Hepliaklqana
Kikubaaqudgha
Makhleb
Nemelex Xobeh
Okawaru
Qazlal
Ru
Sif Muna
Trog
Uskayaw
Vehumet
Wu Jian
Xom
Yredelemnul
The Shining One


Innate Abilities, Weirdness & Mutations

You reflexively headbutt those who attack you in melee.
You have a pair of horns on your head.


Message History

* * * LOW HITPOINT WARNING * * *
You slice the flayed ghost!! Your headbutt misses the flayed ghost.
The flayed ghost is heavily damaged.
You hit the flayed ghost.
The flayed ghost is severely damaged.
The flayed ghost hits you but does no damage.
You closely miss the flayed ghost.
The flayed ghost is severely damaged.
The flayed ghost hits you.
* * * LOW HITPOINT WARNING * * *
You closely miss the flayed ghost. Your headbutt misses the flayed ghost.
The flayed ghost is severely damaged.
The flayed ghost hits you!!
* * * LOW HITPOINT WARNING * * *
You barely miss the flayed ghost.
The flayed ghost is severely damaged.
You miss the flayed ghost.
The flayed ghost is severely damaged.
The flayed ghost hits you!!
You die...

##...##.##..###...###..##.##...##
#.....###..##.......##..###.....#
#.._.รท.'....+..._...'....'......#
#.....###..##.......##..###.....#
##...##.##..###...###..##.##...##
######...'#..###'###..#'...######
#### #...###.........###._.######
...# #...###'##8.8##'###...##....
#### ##.###...##@##...###.#######
# ######.....#W#.._..#### # #.#
##...##.##...## #
#.#########):)#####
#####.......###### ...........##.#
#############.####### #
#.............# #
#.#####.#####.####


You could see a flayed ghost.

Vanquished Creatures
  Erica (D:8)
  2 two-headed ogres
  Joseph (D:7)
  A hippogriff (D:7)
  4 wraiths (D:8)
  A shadow (D:8)
  A fire bat (D:8)
  A water moccasin (D:7)
  2 sky beasts (D:6)
  An orc warrior (D:6)
  A phantom (D:5)
  2 ogres (D:4)
  A big kobold (D:7)
  A bullfrog (D:6)
  4 scorpions
  3 howler monkeys
  7 wights (D:6)
  A crimson imp (D:6)
  3 centaur zombies
  2 jellies
  A bullfrog skeleton (D:4)
  3 hounds
  2 orc wizards
  4 orc priests
  2 iguanas
  9 worker ants
  4 big kobold zombies (Ossuary)
  5 mummies (Ossuary)
  A howler monkey zombie (D:5)
  A howler monkey skeleton (D:4)
  9 adders
  9 gnolls
  2 shadow imps
  An ooze (D:3)
  3 adder skeletons
  2 worms
  2 dart slugs
  2 leopard geckos
  19 orcs
  3 ball pythons (D:3)
  15 bats
  6 giant cockroaches
  5 goblins
  6 hobgoblins
  6 jackals
  4 quokkas
  5 frilled lizards
  2 hobgoblin zombies (Ossuary)
  15 kobolds
  9 rats
197 creatures vanquished.

Vanquished Creatures (others)
  A gnoll (D:8)
1 creature vanquished.

Grand Total: 198 creatures vanquished

Notes
Turn   | Place    | Note
-------+----------+-------------------------------------------
     0 | D:1      | malwow the Minotaur Fighter began the quest for the Orb.
     0 | D:1      | Reached XP level 1. HP: 19/19 MP: 0/0
   114 | D:1      | Reached XP level 2. HP: 24/27 MP: 1/1
   157 | D:1      | Reached skill level 3 in Axes
   477 | D:2      | Reached XP level 3. HP: 28/33 MP: 2/2
   892 | D:2      | Found a white marble altar of Elyvilon.
   894 | D:2      | Found a blossoming altar of Fedhas.
  1204 | D:3      | Reached skill level 4 in Axes
  1263 | D:3      | Reached XP level 4. HP: 40/40 MP: 3/3
  1975 | D:4      | Reached XP level 5. HP: 41/47 MP: 4/4
  2164 | D:4      | Found a basalt altar of Yredelemnul.
  2171 | D:4      | Reached skill level 5 in Axes
  2202 | D:4      | Reached skill level 5 in Fighting
  2246 | D:4      | Noticed an ogre
  2252 | D:4      | Killed an ogre
  2252 | D:4      | Reached skill level 5 in Armour
  2252 | D:4      | Reached XP level 6. HP: 15/56 MP: 5/5
  2523 | D:4      | Reached skill level 6 in Axes
  3221 | D:5      | Entered Level 5 of the Dungeon
  3625 | D:5      | Found a staircase to the Ecumenical Temple.
  3641 | Temple   | Entered the Ecumenical Temple
  3678 | Temple   | Became a worshipper of Warmaster Okawaru
  3726 | D:5      | Reached skill level 7 in Axes
  3726 | D:5      | Reached XP level 7. HP: 53/63 MP: 6/6
  4191 | D:5      | You fall through a shaft for 2 floors!
  4206 | D:6      | Reached * piety under Okawaru
  4206 | D:6      | Reached skill level 8 in Axes
  4207 | D:6      | Found an ornate altar of the Wu Jian Council.
  4325 | D:6      | Reached XP level 8. HP: 42/73 MP: 7/7
  4385 | D:6      | Found a shimmering altar of Xom.
  4411 | D:6      | Reached skill level 9 in Axes
  4678 | D:6      | Found a sand-covered staircase.
  4892 | Ossuary  | Entered an ossuary
  4901 | Ossuary  | Reached ** piety under Okawaru
  5074 | Ossuary  | Reached skill level 10 in Axes
  5257 | D:6      | Found a hazy altar of Hepliaklqana.
  5301 | D:6      | Reached skill level 1 in Invocations
  5710 | D:7      | Reached XP level 9. HP: 80/82 MP: 9/9
  5733 | D:7      | Reached skill level 11 in Axes
  5776 | D:7      | Found a deep blue altar of Sif Muna.
  5791 | D:7      | Found a sacrificial altar of Ru.
  5819 | D:7      | Noticed a two-headed ogre
  5836 | D:7      | Killed a two-headed ogre
  5836 | D:7      | Reached *** piety under Okawaru
  5931 | D:7      | Noticed Joseph
  5937 | D:7      | Killed Joseph
  5937 | D:7      | Reached skill level 12 in Axes
  6454 | D:8      | Noticed Erica
  6464 | D:8      | Killed Erica
  6464 | D:8      | Reached **** piety under Okawaru
  6464 | D:8      | Received a gift from Okawaru
  6464 | D:8      | Reached XP level 10. HP: 42/93 MP: 10/12
  6749 | D:8      | Reached skill level 10 in Fighting
  7018 | D:8      | Found a runed door.
  7020 | D:8      | Noticed a two-headed ogre
  7042 | D:8      | Killed a two-headed ogre
  7042 | D:8      | Reached skill level 13 in Axes
  7042 | D:8      | Reached skill level 5 in Invocations
  7405 | D:8      | Found an ancient bone altar of Kikubaaqudgha.
  7414 | D:8      | Found a hide-covered altar of Uskayaw.
  7425 | D:8      | Found a bloodstained altar of Trog.
  7446 | D:8      | Found a stormy altar of Qazlal.
  7550 | D:8      | Found a radiant altar of Vehumet.
  7597 | D:8      | Reached ***** piety under Okawaru
  7609 | D:8      | Found a hide-covered altar of Uskayaw.
  7785 | D:8      | Found a sparkling altar of Nemelex Xobeh.
  7920 | D:8      | Noticed a flayed ghost
  7929 | D:8      | HP: 2/94 [flayed ghost (18)]
  7931 | D:8      | Demolished by a flayed ghost

Vault maps used:
D:1:      minmay_arrival_five_plusses
D:2:      gammafunk_temple_overflow_statue, first_bread
D:4:      overflow_temple_1_default
D:5:      minmay_temple_entry_glassed_door
D:6:      marbit_many_paths, nicolae_overflow_crystal_walls, xom_butterflies,
          nicolae_ossuary_entry_false_entrances
D:7:      nicolae_overflow_hidden_temple, uniq_joseph
D:8:      due_megacathedral, nemelex_xobeh_ov_fountains_minmay, uniq_erica
Temple:   eino_temple_lava
Ossuary:  ossuary_the_hunt_dpeg

Skill      XL: |  1  2  3  4  5  6  7  8  9 10 |
---------------+-------------------------------+-----
Fighting       | 4 5 6 7 8 9 10 | 10.5
Axes           | 3 4 5 7 8 10 12 13 | 13.7
Armour         | 4 5 |  5.2
Invocations    | 2 4 5 |  5.6
Shields        | |  3.6

Action                   |  1- 3 |  4- 6 |  7- 9 | 10-12 || total
-------------------------+-------+-------+-------+-------++-------
Melee: War axe           |    97 |   160 |   189 |       ||   446
       Headbutt          |    12 |    29 |    59 |    18 ||   118
       Battleaxe         |       |       |    89 |    81 ||   170
Invok: Heroism           |       |       |     2 |     2 ||     4
  Use: Potion            |       |     1 |     1 |     1 ||     3
       Scroll            |       |    11 |     4 |     1 ||    16
  Eat: Chunk             |     1 |     8 |     9 |     5 ||    23
Armor: Scale mail        |    19 |       |       |       ||    19
       Chain mail        |    35 |    65 |   133 |    52 ||   285
Dodge: Dodged            |    29 |    31 |    89 |    33 ||   182
Block: Shield            |    58 |    48 |       |       ||   106
       Buckler           |       |    10 |    44 |       ||    54
